AoeStats
← Linkg

Hideout

508703848Analyzed
1v1 RM · 9d ago on Sep 23, 2026· 66m 47s· 2 players
Game mode
Random Map
Map size
Tiny (2 player)
Population
200
Speed
Normal
Resources
Standard
Victory
Conquest
Starting age
Dark Age
Ending age
Imperial Age
RankedLock teamsTeams togetherTeam positionsShared explorationLock speedFull tech treeHidden civsTurbo modeCheats
Victory
Defeat
🇳🇱 Vikings · Netherlands
1426
+17
🇨🇷 Lithuanians · Costa Rica
1439
-17
De Opperbaas JM
11:02 Feudal Age
14:39 Castle Age
12:30 Horse Collar
13:46 Double-Bit Axe
16:43 Bow Saw
18:48 Loom
19:14 Heavy Plow
20:57 Town Watch
21:11 Fletching
21:15 Gold Mining
28:19 Imperial Age
26:25 Stone Mining
27:10 Gold Shaft Mining
26:02 Crossbowman
27:06 Fortified Wall
27:42 Bodkin Arrow
27:47 Padded Archer Armor
28:10 Ballistics
28:33 Onager
29:56 Bracer
30:21 Arbalester
31:43 Leather Archer Armor
33:41 Light Cavalry
35:04 Ring Archer Armor
37:39 Scale Barding Armor
37:45 Forging
39:05 Chemistry
38:16 Masonry
39:39 Chain Barding Armor
40:18 Conscription
44:00 Two-Man Saw
45:13 Bogsveigar
46:08 Conscription
45:53 Chieftains
46:03 Squires
45:25 Pikeman
45:33 Pikeman
45:59 Arson
46:57 Iron Casting
46:23 Scale Mail Armor
47:01 Conscription
48:45 Elite Berserk
50:00 Chain Mail Armor
59:26 Hoardings
62:33 Blast Furnace
62:04 Plate Mail Armor
Linkg
10:03 Feudal Age
8:38 Loom
10:24 Feudal Age
14:38 Castle Age
12:42 Double-Bit Axe
13:13 Horse Collar
16:22 Forging
16:18 Pikeman
18:26 Fervor
23:03 Gold Mining
23:36 Redemption
24:15 Sanctity
24:53 Bow Saw
26:24 Stone Mining
26:58 Scale Barding Armor
30:19 Imperial Age
28:53 Bloodlines
29:11 Chain Barding Armor
30:39 Iron Casting
30:17 Heavy Plow
32:15 Wheelbarrow
31:26 Town Watch
32:30 Fletching
33:16 Plate Barding Armor
33:20 Bodkin Arrow
33:01 Cavalier
37:19 Devotion
38:21 Light Cavalry
45:15 Hand Cart
45:00 Town Patrol
46:51 Bracer
46:51 Padded Archer Armor
47:13 Scale Mail Armor
47:06 Elite Skirmisher
47:52 Thumb Ring
48:14 Ballistics
49:36 Leather Archer Armor
51:28 Chemistry
50:14 Paladin
52:40 Capped Ram
Connection lost

Rejoining the realm…

Still unreachable

The connection could not be restored.

Session expired

The server has moved on; the page needs a fresh start.